 Dungeon Crawl Stone Soup version 0.28-a0-823-gb444dcf96d (webtiles) character file.

Game seed: 10517011531940801953

3532 pascalblue the Destroyer (level 9, 0/45 HPs)
             Began as a Deep Elf Conjurer on Nov 9, 2021.
             Slain by an orc warrior (14 damage)
             ... on level 8 of the Dungeon.
             The game lasted 00:29:17 (9483 turns).

pascalblue the Destroyer (Deep Elf Conjurer)        Turns: 9483, Time: 00:29:18

Health: 0/45       AC:  8    Str:  4    XL:     9   Next: 82%
Magic:  14/22      EV: 16    Int: 27    God:
Gold:   329        SH:  0    Dex: 13    Spells: 8/23 levels left

rFire   . . .      SeeInvis .   g - +3 rapier (vamp)
rCold   . . .      Faith    .   (no shield)
rNeg    + . .      Spirit   .   o - +2 robe {rN+}
rPois   .          Reflect  .   n - +2 hat
rElec   .          Harm     .   b - +1 cloak
rCorr   .          Rampage  .   (no gloves)
Will    +....                   (no boots)
Stlth   ++........              (no amulet)
HPRegen 0.15/turn               f - +4 ring of evasion
MPRegen 0.18/turn               s - ring of willpower

@: no status effects
A: no striking features
a: no special abilities


You were on level 8 of the Dungeon.
You visited 1 branch of the dungeon, and saw 8 of its levels.

You collected 329 gold pieces.

Inventory:

Hand Weapons
 g - a +3 vampiric rapier (weapon)
 j - a +0 dagger
Missiles
 q - 3 throwing nets
Armour
 a - a +0 robe
 b - a +1 cloak (worn)
 c - a +1 helmet
 n - a +2 hat (worn)
 o - a +2 robe of positive energy (worn)
Jewellery
 f - a +4 ring of evasion (left hand)
 s - a ring of willpower (right hand)
Wands
 k - a wand of paralysis (9)
 u - a wand of iceblast (6)
Scrolls
 m - a scroll of teleportation
Potions
 d - 3 potions of mutation
 e - a potion of lignification
 h - 2 potions of attraction
 i - a potion of curing
 l - 2 potions of degeneration
 p - a potion of flight
 r - a potion of magic {unknown}


   Skills:
 - Level 2.4 Dodging
 - Level 2.4 Stealth
 + Level 7.9 Spellcasting
 * Level 10.0 Conjurations
 + Level 6.5 Hexes
 + Level 5.3 Translocations
 * Level 6.8 Air Magic
 + Level 0.4 Evocations


You had 8 spell levels left.
You knew the following spells:

 Your Spells              Type           Power      Damage    Failure   Level
a - Magic Dart            Conj           100%       1d8       1%          1
b - Searing Ray           Conj           100%       2d8       1%          2
c - Fulminant Prism       Conj/Hex       26%        3d14      1%          4
d - Iskenderun's Mystic   Conj/Tloc      51%        2d11      2%          4
e - Shock                 Conj/Air       100%       1d9       1%          1
f - Swiftness             Air            47%        N/A       1%          3

Your spell library contained the following spells:

 Spells                   Type           Power      Damage    Failure   Level
 Dazzling Flash           Conj/Hex       100%       N/A       1%          3
 Airstrike                Air            23%        N/A       3%          4


Dungeon Overview and Level Annotations

Branches:
Dungeon (8/15)             Temple (0/1) D:7
   Lair: D:8-11

Altars:
Dithmenos
Nemelex Xobeh
The Shining One

Shops:
D:1 (

Annotations:
D:5 1 runed translucent door, a11behringer's ghost, novice DrBe


Message History

Aiming: Fulminant Prism (dangerous; 1% risk of failure)
Press: ? - help, Dir - move target You conjure a prism of explosive energy!
A fulminant prism comes into view.
A steam dragon comes into view.
The steam dragon moves out of view.
Your fulminant prism crackles loudly.
There is a stone staircase leading up here.
An orc and an orc warrior come into view.
The orc warrior is wielding a +0 halberd and quivering boomerangs of dispersal.
Your fulminant prism explodes!
The blast of energy engulfs the orc!!
You kill the orc!
The blast of energy engulfs the orc wizard!!
You kill the orc wizard!
The blast of energy engulfs the orc!!
You kill the orc!
The orc warrior throws a boomerang of dispersal.
The boomerang of dispersal hits you.
You blink.
Found a scroll labelled FAIMPA CILO and a twisted golden amulet.
Found a stone staircase leading down.
The orc warrior moves out of view.
The orc moves out of view.
Your Conjurations skill increases to level 10!
You see here a +0 club.
The steam dragon breathes steam at you. The ball of steam hits you!
Things that are here:
a +0 dagger; a +0 scale mail; an orc corpse You hit the orc but do no damage.
The orc completely misses you.
The orc warrior hits you from afar with a +0 halberd!
Casting: Fulminant Prism (dangerous; 1% risk of failure)
Confirm with . or Enter, or press ? or * to list all spells.
Aiming: Searing Ray (safe; 1% risk of failure)
Press: ? - help, Shift-Dir - straight line, f - steam dragon
Aim: a steam dragon (steam, severely wounded, 83% to hit)
The searing ray hits the steam dragon!
You kill the steam dragon! (Press . to maintain the ray.)
The orc closely misses you.
The orc warrior hits you from afar with a +0 halberd!
You die...

#...?........##
#.#............
#....$.......#
.../.........#
##......D....##
.>....§§§.....###
#...§§# ....
##.##)### .....
#.@o#......
###.o..)...
###..)..F .(..!.
..... #####


You could see an orc warrior and an orc.

Vanquished Creatures
  Harold (D:7)
  Grinder (D:4)
  Sigmund (D:5)
  A steam dragon (D:8)
  Edmund (D:5)
  An orc warrior (D:7)
  A sky beast (D:7)
  2 black bears
  An ogre (D:6)
  2 centaurs (D:5)
  A gnoll sergeant (D:6)
  3 bullfrogs
  2 wyvern zombies
  2 scorpions
  A water moccasin skeleton (D:5)
  5 wights (D:7)
  3 howler monkeys
  A bullfrog zombie (D:4)
  A centaur zombie (D:5)
  6 orc priests
  3 hounds (D:4)
  A centaur skeleton (D:7)
  A bullfrog skeleton (D:5)
  Jessica (D:2)
  4 iguanas
  Ijyb (D:3)
  6 orc wizards
  A hound skeleton (D:4)
  9 gnolls
  2 howler monkey skeletons (D:7)
  5 adders
  A shadow imp (D:3)
  3 white imps
  An ufetubus (D:6)
  4 worms
  5 dart slugs
  22 orcs
  4 ball pythons
  4 bats
  3 endoplasms
  3 giant cockroaches
  10 goblins
  7 hobgoblins
  6 jackals
  2 quokkas (D:1)
  5 frilled lizards
  5 kobolds
  2 rats (D:2)
158 creatures vanquished.

Vanquished Creatures (others)
  26 fulminant prisms
  2 withered plants (D:5)
28 creatures vanquished.

Grand Total: 186 creatures vanquished

Notes
Turn   | Place    | Note
-------+----------+-------------------------------------------
     0 | D:1      | pascalblue the Deep Elf Conjurer began the quest for the
                  | Orb.
     0 | D:1      | Reached XP level 1. HP: 10/10 MP: 6/6
   213 | D:1      | Found Goeguot's Weapon Emporium.
   532 | D:1      | Reached XP level 2. HP: 15/15 MP: 6/8
  1042 | D:2      | Found a shadowy altar of Dithmenos.
  1046 | D:2      | Reached skill level 5 in Conjurations
  1336 | D:2      | Found a faded altar of an unknown god.
  1377 | D:2      | Reached XP level 3. HP: 19/19 MP: 7/10
  1380 | D:2      | Learned a level 2 spell: Searing Ray
  1548 | D:2      | Noticed Jessica
  1554 | D:2      | Killed Jessica
  1676 | D:3      | Reached XP level 4. HP: 24/24 MP: 8/12
  2010 | D:3      | Learned a level 4 spell: Fulminant Prism
  2015 | D:3      | Learned a level 4 spell: Iskenderun's Mystic Blast
  2150 | D:3      | Reached skill level 6 in Conjurations
  2446 | D:3      | Noticed a scorpion
  2454 | D:3      | Killed a scorpion
  2455 | D:3      | Reached skill level 1 in Hexes
  2455 | D:3      | Reached skill level 1 in Translocations
  2455 | D:3      | Reached XP level 5. HP: 28/28 MP: 5/14
  2538 | D:3      | Learned a level 1 spell: Shock
  2543 | D:3      | Noticed Ijyb
  2555 | D:3      | Paralysed by Ijyb for 3 turns
  2561 | D:3      | Killed Ijyb
  3225 | D:4      | Reached skill level 1 in Air Magic
  3226 | D:4      | Reached XP level 6. HP: 32/32 MP: 7/15
  3365 | D:4      | Reached skill level 5 in Spellcasting
  4027 | D:4      | Reached skill level 7 in Conjurations
  4027 | D:4      | Reached XP level 7. HP: 36/36 MP: 9/17
  4423 | D:4      | Found a glowing golden altar of the Shining One.
  4428 | D:4      | Found a sparkling altar of Nemelex Xobeh.
  4583 | D:5      | Entered Level 5 of the Dungeon
  4583 | D:5      | Noticed Sigmund
  4588 | D:5      | Killed Sigmund
  5129 | D:5      | Noticed Grinder
  5137 | D:5      | Paralysed by Grinder for 5 turns
  5173 | D:4      | Killed Grinder
  5174 | D:4      | Reached XP level 8. HP: 33/41 MP: 2/19
  5337 | D:5      | Reached skill level 8 in Conjurations
  5753 | D:5      | Noticed Edmund
  5761 | D:5      | Killed Edmund
  6431 | D:5      | Found a runed translucent door.
  6431 | D:5      | Noticed a11behringer's ghost (novice DrBe)
  7014 | D:6      | Reached skill level 5 in Air Magic
  7083 | D:6      | Reached skill level 5 in Hexes
  7477 | D:6      | Reached XP level 9. HP: 24/45 MP: 3/21
  8008 | D:7      | Reached skill level 9 in Conjurations
  8534 | D:7      | Noticed Harold
  8672 | D:7      | Killed Harold
  8673 | D:7      | Reached skill level 5 in Translocations
  8979 | D:7      | Learned a level 3 spell: Swiftness
  9157 | D:7      | Found a staircase to the Ecumenical Temple.
  9480 | D:8      | Reached skill level 10 in Conjurations
  9483 | D:8      | Slain by an orc warrior

Illustrated notes

Levels and vault maps discovered:
D:1:      evilmike_arrival_hilbert_curve, layout_loops_ring, serial_shops, shop,
          minmay_misc_feat_ornament, minmay_misc_feat_iff,
          minmay_misc_feat_tower, roderic_serpentine_path, serial_bayou_pond_d
D:2:      layout_basic, ebering_ecumenical_altar_hall, basic_altar, uniq_jessica
D:3:      kennysheep_the_goblin_king, layout_loops_ring, grunt_ministairs_3,
          kennysheep_minor_cross
D:4:      layout_cave_pods, minitemple
D:5:      layout_layer_cave, gammafunk_ghost_grave, minmay_holes,
          serial_bayou_pond_e, item_on_display_a, uniq_grinder, uniq_edmund,
          uniq_sigmund
D:6:      layout_basic
D:7:      layout_loops_corners, minmay_temple_entry_from_below_a, uniq_harold
D:8:      layout_rooms, uniq_maggie, uniq_prince_ribbit1

Skill      XL: |  1  2  3  4  5  6  7  8  9 |
---------------+----------------------------+-----
Conjurations   | 5 6 7 8 10 | 10.0
Spellcasting   | 4 5 6 7 |  7.9
Hexes          | 1 2 3 5 6 |  6.5
Translocations | 1 2 3 4 5 |  5.3
Air Magic      | 1 2 3 5 6 |  6.8
Dodging        | |  2.4
Stealth        | |  2.4
Evocations     | |  0.4

Action                   |  1- 3 |  4- 6 |  7- 9 || total
-------------------------+-------+-------+-------++-------
Melee: Unarmed           |     2 |     9 |       ||    11
       Rapier            |       |       |    12 ||    12
 Cast: Magic Dart        |    57 |   123 |    55 ||   235
       Searing Ray       |     2 |     8 |    35 ||    45
       Fulminant Prism   |       |     3 |    23 ||    26
       Shock             |       |       |    15 ||    15
       Iskenderun's Myst |       |       |     2 ||     2
  Use: Scroll            |     4 |     1 |    13 ||    18
       Potion            |       |       |     1 ||     1
Armor: Robe              |     1 |     5 |    20 ||    26
Dodge: Dodged            |     4 |    25 |    98 ||   127

Table legend: (Time is in decaauts)
 A = Elapsed time spent in this place.
 B = Non-inter-level travel time spent in this place.
 C = Inter-level travel time spent in this place.
 D = Time resting spent in this place.
 E = Time spent auto-exploring this place.
 F = Levels seen in this place.
 G = Mean time per level.
                   A        B        C        D        E       F      G
               +--------+--------+--------+--------+--------+-----+--------+
         Total |   9491 |   9337 |    154 |   1656 |   6446 |   8 | 1186.4 |
       Dungeon |   9491 |   9337 |    154 |   1656 |   6446 |   8 | 1186.4 |
               +--------+--------+--------+--------+--------+-----+--------+

Top non-repeatable levels by time:
     D:4: 2040 daAuts
     D:5: 1605 daAuts
     D:3: 1561 daAuts
     D:7: 1528 daAuts
     D:6: 1115 daAuts
     D:1: 1048 daAuts
     D:2: 582 daAuts
     D:8: 10 daAuts
